 Dungeon Crawl Stone Soup version 0.30-a0-920-g7493c07aab (webtiles) character file.

Game seed: 229781055513269713

53 ragingrage the Slasher (level 4, 0/49 HPs)
             Began as a Human Warper on Mar 21, 2023.
             Slain by an adder (2 damage)
             ... on level 3 of the Dungeon.
             The game lasted 00:02:29 (1778 turns).

ragingrage the Slasher (Human Warper)               Turns: 1778, Time: 00:02:30

Health: 0/49       AC: 22    Str: 12    XL:     4   Next: 11%
Magic:  7/7        EV:  2    Int: 13    God:
Gold:   74         SH:  0    Dex: 14    Spells: 3/7 levels left

rFire   + . .      SeeInvis .    a - +0 falchion (heavy)
rCold   + . .      Faith    .    (no shield)
rNeg    . . .      Spirit   .    b - melded +0 leather armour
rPois   +          Reflect  .    (helmet currently unavailable)
rElec   +          Rampage  .    (cloak currently unavailable)
rCorr   +          Clarity  +    (gloves currently unavailable)
Will    .....      NoTele   +    p - melded +0 pair of boots
Stlth   ++                       (no amulet)
HPRegen 0.28/turn                (no ring)
MPRegen 0.10/turn                (no ring)

@: tree-form, resistant, weak-willed
A: stationary, stasis, torment immunity, boosted hp, (iridescent scales 1),
clarity
a: no special abilities


You were on level 3 of the Dungeon.
You were a tree.
You visited 1 branch of the dungeon, and saw 3 of its levels.

You collected 74 gold pieces.

Inventory:

Hand Weapons
 a - a +0 heavy falchion (weapon)
Missiles
 d - 6 boomerangs of dispersal (quivered)
Armour
 b - a +0 leather armour (melded)
 p - a +0 pair of boots (melded)
Scrolls
 c - a scroll of blinking
 h - 2 scrolls of identify
 j - 2 scrolls of enchant weapon
Potions
 g - 2 potions of mutation


   Skills:
 - Level 2.0 Fighting
 + Level 3.6 Long Blades
 - Level 1.0 Throwing
 - Level 1.0 Armour
 - Level 2.0 Dodging
 + Level 1.7 Stealth
 - Level 2.0 Spellcasting
 - Level 3.0 Translocations


You had 3 spell levels left.
You knew the following spells:

 Your Spells              Type           Power      Damage    Failure   Level
a - Blink                 Tloc           18%        N/A       11%         2
b - Lesser Beckoning      Tloc           18%        N/A       11%         2

Your spell library contained the following spells:

 Spells                   Type           Power      Damage    Failure   Level
 Teleport Other           Tloc           9%         N/A       22%         3
 Vhi's Electric Charge    Tloc/Air       10%        N/A       38%         3
 Manifold Assault         Tloc           9%         N/A       58%         4


Dungeon Overview and Level Annotations

Branches:
Dungeon (3/15)

Altars:


Innate Abilities, Weirdness & Mutations

You are a tree.
Your roots penetrate the ground, keeping you stationary.
You cannot be teleported.
You are immune to unholy pain and torment.
Your maximum health is greatly increased.
Your equipment is partially melded.
((You are partially covered in iridescent scales. (AC +2)))
You possess an exceptional clarity of mind.


Message History

The centaur kicks you.
* * * LOW HITPOINT WARNING * * *
The adder bites you but does no damage. The kobold closely misses you.
The centaur hits you but does no damage.
The centaur barely misses you. The adder closely misses you.
It was a potion of resistance.
You feel protected. The centaur misses you. The centaur barely misses you.
The kobold hits you with a +0 dagger.
* * * LOW HITPOINT WARNING * * *
The adder bites you but does no damage.
It was a potion of lignification.
You turn into a tree.
Your +0 pair of boots melds into your body.
Your +0 leather armour melds into your body.
Your roots penetrate the ground.
The centaur hits you.
* * * LOW HITPOINT WARNING * * *
The centaur kicks you but does no damage.
The kobold hits you but does no damage. The adder bites you but does no damage.
The centaur hits you but does no damage.
The centaur kicks you but does no damage.
Okay, then.
Okay, then.
The air fills with toxic fumes!
As you read the scroll labelled EHEUS ANETIHUQ, it crumbles to dust.
It was a scroll of poison.
The adder bites you but does no damage.
The centaur hits you but does no damage.
The centaur kicks you but does no damage.
The kobold hits you but does no damage.
As you read the scroll labelled QIONOR CUN, it crumbles to dust.
It is a scroll of brand weapon.
Your +0 falchion becomes incredibly heavy!
a - a +0 heavy falchion (weapon)
The adder bites you but does no damage. The centaur hits you.
* * * LOW HITPOINT WARNING * * *
The centaur kicks you but does no damage.
The kobold hits you but does no damage.
The centaur hits you but does no damage.
The centaur kicks you but does no damage.
The adder bites you.
You die...

#.............#
#.###########§#
#.# #§# #.# #§#
#.# #§# #.# #§#
#.# #§# #.#
####§#####§#§
#.#
#§§§S♣KSS§§§§
#.#
#§##§§cS§§§§§
#)# #
#§######§# #.#
§§. #.# ##§.
#.# #§# #.# #.#
#§# #.# #.# #§
#.# #.#


You could see a centaur (inner flame, weak-willed), 3 adders, a ball python
(inner flame, weak-willed) and a kobold (inner flame, weak-willed).

Vanquished Creatures
  2 dart slugs (D:2)
  4 endoplasms
  2 giant cockroaches (D:1)
  5 goblins (D:2)
  6 hobgoblins
  8 kobolds
  3 quokkas (D:1)
  3 ball pythons
  4 bats
  4 frilled lizards
  3 rats
44 creatures vanquished.

Notes
Turn   | Place    | Note
-------+----------+-------------------------------------------
     0 | D:1      | ragingrage the Human Warper began the quest for the Orb.
     0 | D:1      | Reached XP level 1. HP: 16/16 MP: 3/3
   126 | D:1      | Reached XP level 2. HP: 7/22 MP: 5/5
   828 | D:1      | Reached XP level 3. HP: 24/27 MP: 6/6
  1106 | D:2      | Reached skill level 1 in Stealth
  1202 | D:2      | Learned a level 2 spell: Blink
  1205 | D:2      | Learned a level 2 spell: Lesser Beckoning
  1552 | D:2      | Reached XP level 4. HP: 33/33 MP: 7/7
  1763 | D:3      | Noticed a centaur
  1773 | D:3      | Gained mutation: You are partially covered in iridescent
                  | scales. (AC +2) [potion of mutation]
  1773 | D:3      | Gained mutation: You possess an exceptional clarity of
                  | mind. [potion of mutation]
  1778 | D:3      | HP: 2/49 [centaur (3)]
  1778 | D:3      | Slain by an adder

Illustrated notes

Levels and vault maps discovered:
D:1:      minmay_arrival_radiant_lines, layout_basic
D:2:      layout_loops_ring
D:3:      layout_loops_ring, mainiacjoe_overflow_tiny_flanked,
          gammafunk_ghost_cemetery

Skill      XL: |  1  2  3 |
---------------+----------+-----
Long Blades    | 3 |  3.6
Stealth        | 1 |  1.7
Fighting       | |  2.0
Throwing       | |  1.0
Armour         | |  1.0
Dodging        | |  2.0
Spellcasting   | |  2.0
Translocations | |  3.0

Action                     |  1- 3 |  4- 6 || total
---------------------------+-------+-------++-------
  Melee: Falchion          |   130 |    15 ||   145
         Punch             |     1 |       ||     1
  Throw: Boomerang         |     1 |       ||     1
    Use: Scroll            |       |     6 ||     6
         Potion            |       |     4 ||     4
   Stab: Sleeping          |     3 |     1 ||     4
 Armour: Leather armour    |    41 |    14 ||    55
         Skin              |       |    14 ||    14
  Dodge: Dodged            |    79 |    20 ||    99

Table legend: (Time is in decaauts)
 A = Elapsed time spent in this place.
 B = Non-inter-level travel time spent in this place.
 C = Inter-level travel time spent in this place.
 D = Time resting spent in this place.
 E = Time spent auto-exploring this place.
 F = Levels seen in this place.
 G = Mean time per level.
                   A        B        C        D        E       F      G
               +--------+--------+--------+--------+--------+-----+--------+
         Total |   1805 |   1759 |     46 |     79 |   1239 |   3 |  601.7 |
       Dungeon |   1805 |   1759 |     46 |     79 |   1239 |   3 |  601.7 |
               +--------+--------+--------+--------+--------+-----+--------+

Top non-repeatable levels by time:
     D:1: 1061 daAuts
     D:2: 645 daAuts
     D:3: 99 daAuts
